 Dungeon Crawl Stone Soup version 0.21.1-1-g345015f (webtiles) character file.

112 Kairos the Skirmisher (level 4, -2/24 HPs)
             Began as a Vine Stalker Fighter on Apr 16, 2018.
             Succumbed to Robin's poison
             ... on level 3 of the Dungeon.
             The game lasted 00:02:57 (1523 turns).

Kairos the Skirmisher (Vine Stalker Fighter)        Turns: 1523, Time: 00:02:58

Health: -2/24      AC:  6    Str: 19    XL:     4   Next: 93%
Magic:  2/5        EV:  7    Int:  8    God:
Gold:   55         SH:  9    Dex: 14    Spells: 3/3 levels left

rFire    . . .     SeeInvis .   a - +2 flail
rCold    . . .     Gourm    .   c - +0 shield
rNeg     . . .     Faith    .   b - +0 scale mail
rPois    .         Spirit   +   (no helmet)
rElec    .         Reflect  .   (no cloak)
rCorr    .         Harm     .   (no gloves)
MR       .....                  (no boots)
Stlth    ..........             (no amulet)
HPRegen  0.48/turn              (no ring)
MPRegen  0.09/turn              (no ring)

@: lethally poisoned (-2 -> -33)
A: fangs 2, regeneration 1, magic shield, antimagic bite, no potion heal 3, rot
immunity
a: no special abilities


You were on level 3 of the Dungeon.
You were very hungry.

You visited 1 branch of the dungeon, and saw 3 of its levels.

You collected 55 gold pieces.

Inventory:

Hand Weapons
 a - a +2 flail (weapon)
Armour
 b - a +0 scale mail (worn)
 c - a +0 shield (worn)
Wands
 g - a wand of digging (13)
Scrolls
 h - a scroll of magic mapping {unknown}
 l - 3 scrolls of remove curse
 o - a scroll of teleportation {unknown}
 q - a scroll of blinking {unknown}
Potions
 d - 3 potions of might
 e - a potion of lignification {unknown}
 j - 2 potions of ambrosia {unknown}
 k - 3 potions of curing
 m - 2 potions of agility {unknown}
 n - 2 potions of brilliance {unknown}
 p - a potion of magic {unknown}
 r - 2 potions of heal wounds {unknown}
Comestibles
 f - 8 rations


   Skills:
 + Level 3.2 Fighting
 + Level 2.9 Maces & Flails
 + Level 2.9 Armour
 + Level 0.7 Dodging
 + Level 3.2 Shields


You had 3 spell levels left.
You didn't know any spells.

Dungeon Overview and Level Annotations

Branches:
Dungeon (3/15)

Altars:

Annotations:
D:3 Robin


Innate Abilities, Weirdness & Mutations

You have extremely sharp teeth.
Your natural rate of healing is unusually fast.
When hurt, damage is shared between your health and your magic reserves.
Your bite disrupts and absorbs the magic of your enemies.
Potions cannot restore your health.
You are immune to rotting.


Message History

Your shield prevents you from hitting Robin.
Your bite misses Robin.
Robin is severely wounded.
You feel sick. You block Robin's attack. Robin hits you but does no damage.
You are lethally poisoned!
You barely miss Robin. Your bite misses Robin.
Robin is severely wounded.
* * * LOW HITPOINT WARNING * * *
You feel sick. Robin hits you with a spear of venom.
* * * LOW HITPOINT WARNING * * *
You are more poisoned.
You closely miss Robin.
Robin is severely wounded.
* * * LOW HITPOINT WARNING * * *
You feel very sick. Robin hits you but does no damage.
You are more poisoned.
You closely miss Robin. Your bite misses Robin.
Robin is severely wounded.
You die...

#.# # #.# .. #.##
?..####.## ####
...?....##########....
##g#..#...............
g...g...g..........##
##.##..........g....#####
#..........##..@<)......
####.....###...#####....
#....# #...# # #....#
#...# #...## #>..# ##.##
#####


You could see Robin.

Vanquished Creatures
  A hound (D:2)
  An adder (D:2)
  An ooze (D:2)
  2 worms (D:2)
  2 dart slugs (D:2)
  A leopard gecko (D:2)
  9 bats
  A giant cockroach (D:1)
  15 goblins
  7 hobgoblins
  2 frilled lizards (D:1)
  5 kobolds
  8 rats
55 creatures vanquished.

Notes
Turn   | Place    | Note
-------+----------+-------------------------------------------
     0 | D:1      | Kairos the Vine Stalker Fighter began the quest for the Orb.
     0 | D:1      | Reached XP level 1. HP: 11/11 MP: 2/2
   137 | D:1      | Reached XP level 2. HP: 10/16 MP: 3/3
   436 | D:1      | Reached XP level 3. HP: 18/20 MP: 4/4
   827 | D:2      | Gained mutation: Your natural rate of healing is unusually fast. [Vine Stalker growth]
   827 | D:2      | Reached XP level 4. HP: 20/24 MP: 5/5
  1428 | D:3      | Noticed Robin
  1523 | D:3      | Succumbed to Robin's poison

Skill      XL: |  1  2  3 |
---------------+----------+-----
Fighting       | 3 |  3.2
Shields        | 3 |  3.2
Maces & Flails | 2 |  2.9
Armour         | |  2.9
Dodging        | |  0.7

Action                   |  1- 3 |  4- 6 || total
-------------------------+-------+-------++-------
Melee: Flail             |    85 |    80 ||   165
       Bite              |    27 |    16 ||    43
  Use: Scroll            |     4 |     2 ||     6
  Eat: Chunk             |       |     1 ||     1
Armor: Scale mail        |    41 |    43 ||    84
Dodge: Dodged            |    17 |    34 ||    51
Block: Shield            |    55 |    54 ||   109
